 Dungeon Crawl Stone Soup version 0.26-a0-670-g578ab304f5 (webtiles) character file.

Game seed: 9445085224210470555

5431 PentaManta the Brawler (level 10, -3/71 HPs)
             Began as a Ghoul Artificer on Oct 18, 2020.
             Was an Elder of Makhleb.
             Slain by Urug
             ... wielding a +4 eveningstar
              (18 damage)
             ... on level 10 of the Dungeon on Oct 19, 2020.
             The game lasted 00:21:10 (9043 turns).

PentaManta the Brawler (Ghoul Artificer)            Turns: 9043, Time: 00:21:10

Health: -3/71      AC: 20    Str: 20    XL:     10   Next: 67%
Magic:  18/18      EV:  0    Int:  6    God:    Makhleb [****..]
Gold:   388        SH:  9    Dex:  9    Spells: 9/9 levels left

rFire    . . .     SeeInvis .     - Unarmed
rCold    + . .     Faith    .   C - +0 kite shield
rNeg     + + +     Spirit   .   I - +2 crystal plate armour
rPois    ∞         Reflect  .   (no helmet)
rElec    .         Harm     .   J - +2 cloak
rCorr    .         Rampage  .   (no gloves)
MR       .....                  (no boots)
Stlth    ..........             v - amulet of the acrobat
HPRegen  0.00/turn              u - ring of magical power
MPRegen  0.16/turn              (no ring)

@: no status effects
A: rotting body, claws 1, cold resistance 1, negative energy resistance 3,
inhibited regeneration, torment resistance, unbreathing
a: Minor Destruction, Lesser Servant of Makhleb, Major Destruction, Renounce
Religion


You were on level 10 of the Dungeon.
You worshipped Makhleb.
Makhleb was greatly pleased with you.
You visited 2 branches of the dungeon, and saw 10 of its levels.
You also visited: Sewer.

You collected 419 gold pieces.
You spent 31 gold pieces at shops.

Inventory:

Hand Weapons
 a - a +1 hunting sling
 h - a +0 dagger of chaos
 o - a +2 dagger of venom
Missiles
 k - 35 poisoned darts
 m - 169 stones
 D - a throwing net (quivered)
Armour
 b - a +4 ring mail
 B - a +3 leather armour of magic resistance
 C - a +0 kite shield (worn)
 I - a +2 crystal plate armour (worn)
 J - a +2 cloak (worn)
Jewellery
 u - a ring of magical power (left claw)
 v - an amulet of the acrobat (around neck)
Wands
 c - a wand of flame (14)
 d - a wand of enslavement (28)
 e - a wand of random effects (28)
 g - a wand of digging (7)
 E - a wand of polymorph (20)
Scrolls
 i - 9 scrolls of identify
 j - 2 scrolls of amnesia
 p - 2 scrolls of fog
 q - a scroll of teleportation
 x - 2 scrolls of fear
 y - 4 scrolls of remove curse
Potions
 l - 3 potions of might
 n - a potion of flight
 r - 4 potions of stabbing
 s - 6 potions of brilliance
 t - 8 potions of curing
 w - 2 potions of heal wounds
 z - a potion of berserk rage {unknown}
 A - 2 potions of ambrosia {unknown}
 F - a potion of cancellation {unknown}
 K - 2 potions of magic {unknown}
Miscellaneous
 G - a lightning rod (inert)


   Skills:
 - Level 1.1 Fighting
 - Level 2.0 Armour
 - Level 1.0 Dodging
 - Level 1.1 Stealth
 + Level 4.5 Shields
 * Level 15.0 Unarmed Combat
 - Level 2.6 Evocations


You had 9 spell levels left.
You didn't know any spells.
Your spell library contained the following spells:

 Spells                   Type           Power        Failure   Level
 Corona                   Hex            #......      100%        1
 Ensorcelled Hibernation  Hex/Ice        #.....       100%        2
 Confusing Touch          Hex            #.......     100%        3
 Dazzling Flash           Conj/Hex       #.....       100%        3
 Tukima's Dance           Hex            #.......     100%        3


Dungeon Overview and Level Annotations

Branches:
Dungeon (8/15)             Temple (1/1) D:5           Sewer (visited)
   Lair: D:8-11

Altars:
Ashenzari
Cheibriados
Dithmenos
Elyvilon
Fedhas
Gozag
Hepliaklqana
Kikubaaqudgha
Makhleb
Nemelex Xobeh
Okawaru
Qazlal
Ru
Sif Muna
Trog
Uskayaw
Vehumet
Wu Jian
Xom
Yredelemnul
The Shining One

Shops:
D:4 [*   D:6 (

Annotations:
D:4 2 transporters, MummyMadness's ghost, amateur TrWn
D:8 1 runed translucent door, Tman's ghost, novice DDFi
D:10 Urug


Innate Abilities, Weirdness & Mutations

Your body is rotting away.
You thrive by killing the living.
You are immune to poison.
You have sharp fingernails.
Your flesh is cold resistant. (rC+)
You are immune to negative energy. (rN+++)
You do not regenerate when monsters are visible.
You are immune to unholy pain and torment.
You can survive without breathing.


Message History

Urug hits you with a +4 eveningstar.
You barely miss Urug.
Urug is moderately wounded.
You scratch Urug but do no damage.
Urug is moderately wounded.
Urug hits you with a +4 eveningstar!
You scratch Urug but do no damage.
Urug is moderately wounded.
Urug hits you with a +4 eveningstar!
You scratch Urug but do no damage.
Urug is moderately wounded.
You closely miss Urug.
Urug is moderately wounded.
Urug mutters, "Sometimes I wonder if they all really are harpies."
Urug hits you with a +4 eveningstar!
* * * LOW HITPOINT WARNING * * *
You scratch Urug but do no damage.
Urug is moderately wounded.
Urug hits you with a +4 eveningstar!!
You die...

## .# o #. .#
..###. .#
....###.#
.......#
#.....# #
#.o...# #.
#@(..#
##.##.##.#..#
............#
.#.##.......#
####...#####
#.......#
#(.####.#
###..# #....#


You could see Urug.

Vanquished Creatures
  Pikel (D:7)
  A hornet (D:8)
  Sigmund (D:3)
  5 yaks (D:10)
  Eustachio (D:6)
  Menkaure (D:6)
  A soldier ant (D:10)
  A water moccasin (D:10)
  2 black bears (D:6)
  2 necrophages
  An eye of draining (D:8)
  4 phantoms
  A sky beast (D:6)
  2 ogres
  2 centaurs
  A wyvern zombie (D:8)
  6 bullfrogs
  A water moccasin skeleton (D:6)
  6 killer bees (D:10)
  5 wights
  2 howler monkeys (D:4)
  A crimson imp (D:4)
  2 jellies
  3 hounds
  A bullfrog zombie (D:8)
  3 orc priests
  A bullfrog skeleton (D:5)
  10 orc wizards
  2 iguanas
  2 worker ants
  2 hound skeletons
  A howler monkey zombie (D:7)
  A worker ant zombie (D:8)
  A howler monkey skeleton (D:4)
  15 adders
  7 river rats (Sewer)
  A shadow imp (D:8)
  A white imp (D:7)
  2 ufetubi
  3 oozes
  An adder zombie (D:8)
  2 worms
  5 dart slugs
  4 leopard geckos
  42 orcs
  9 bats
  7 giant cockroaches
  10 goblins
  5 hobgoblins
  13 jackals
  5 quokkas
  7 ball pythons
  5 frilled lizards
  26 kobolds
  A quokka skeleton (D:6)
  22 rats
270 creatures vanquished.

Vanquished Creatures (others)
  3 fungi (D:8)
  3 plants (D:8)
6 creatures vanquished.

Grand Total: 276 creatures vanquished

Notes
Turn   | Place    | Note
-------+----------+-------------------------------------------
     0 | D:1      | PentaManta the Ghoul Artificer began the quest for the Orb.
     0 | D:1      | Reached XP level 1. HP: 16/16 MP: 0/0
    38 | D:1      | Reached skill level 1 in Dodging
    81 | D:1      | Reached skill level 1 in Unarmed Combat
    81 | D:1      | Reached XP level 2. HP: 16/23 MP: 1/1
   443 | D:1      | Reached skill level 2 in Unarmed Combat
   624 | D:1      | Reached XP level 3. HP: 26/28 MP: 2/2
  1156 | D:2      | Reached skill level 3 in Unarmed Combat
  1560 | D:2      | Reached XP level 4. HP: 24/35 MP: 3/3
  1739 | D:2      | Reached skill level 4 in Unarmed Combat
  2391 | D:2      | Found a sacrificial altar of Ru.
  2400 | D:2      | Reached XP level 5. HP: 36/40 MP: 4/4
  2861 | D:3      | Reached skill level 5 in Unarmed Combat
  3164 | D:3      | Noticed Sigmund
  3511 | D:3      | Killed Sigmund
  3511 | D:3      | Reached skill level 6 in Unarmed Combat
  3511 | D:3      | Reached XP level 6. HP: 41/47 MP: 5/5
  3664 | D:4      | Found Komor's Antique Armour Boutique.
  3676 | D:4      | Reached skill level 7 in Unarmed Combat
  3800 | D:4      | Found a white marble altar of Elyvilon.
  4001 | D:4      | Found a burning altar of Makhleb.
  4001 | D:4      | Found a shimmering altar of Xom.
  4008 | D:4      | Became a worshipper of Makhleb the Destroyer
  4024 | D:4      | Noticed a phantom
  4038 | D:4      | Reached XP level 7. HP: 49/52 MP: 6/6
  4066 | D:4      | Reached skill level 8 in Unarmed Combat
  4127 | D:4      | Found a transporter.
  4130 | D:4      | Noticed MummyMadness's ghost (amateur TrWn)
  4130 | D:4      | Identified the +3 dire flail of the Puffin {elec, Int+4}
  4135 | D:4      | Found a glowing drain.
  4150 | Sewer    | Entered a sewer
  4280 | Sewer    | Reached * piety under Makhleb
  4705 | D:4      | Found a transporter.
  4737 | D:4      | Reached ** piety under Makhleb
  4737 | D:4      | Reached skill level 9 in Unarmed Combat
  4967 | D:4      | Reached XP level 8. HP: 59/59 MP: 7/7
  5001 | D:4      | Found Xeuz Orr's Assorted Antiques.
  5004 | D:4      | Bought a scroll labeled MIALIRUGEA for 31 gold pieces
  5338 | D:5      | Entered Level 5 of the Dungeon
  5550 | D:5      | Found a staircase to the Ecumenical Temple.
  5556 | Temple   | Entered the Ecumenical Temple
  5806 | D:5      | Found a stormy altar of Qazlal.
  6150 | D:5      | Found an opulent altar of Gozag.
  6365 | D:6      | Found Yhurec's Antique Weapon Boutique.
  6408 | D:6      | Reached skill level 10 in Unarmed Combat
  6601 | D:6      | Noticed Eustachio
  6643 | D:6      | Killed Eustachio
  6813 | D:6      | Found a bloodstained altar of Trog.
  6824 | D:6      | Reached skill level 11 in Unarmed Combat
  6961 | D:6      | Reached XP level 9. HP: 64/64 MP: 8/8
  7013 | D:6      | Noticed Menkaure
  7025 | D:6      | Killed Menkaure
  7025 | D:6      | Reached skill level 12 in Unarmed Combat
  7170 | D:7      | Reached *** piety under Makhleb
  7179 | D:7      | Reached skill level 13 in Unarmed Combat
  7321 | D:7      | Found an ornate altar of the Wu Jian Council.
  7906 | D:8      | Reached skill level 1 in Shields
  7998 | D:8      | Reached **** piety under Makhleb
  8088 | D:8      | Found a runed translucent door.
  8100 | D:7      | Reached XP level 10. HP: 42/71 MP: 9/9
  8218 | D:8      | Noticed Tman's ghost (novice DDFi)
  8220 | D:8      | Identified the +6 trident of Uroorou {vamp, +Inv rF+ Int+4}
  8222 | D:8      | Reached skill level 14 in Unarmed Combat
  8331 | D:8      | Noticed Pikel
  8360 | D:7      | Killed Pikel
  8568 | D:8      | You fall into a shaft and drop 2 floors!
  8568 | D:10     | Entered Level 10 of the Dungeon
  8989 | D:10     | Reached skill level 15 in Unarmed Combat
  9020 | D:10     | Noticed Urug
  9043 | D:10     | Slain by Urug

Illustrated notes

Levels and vault maps discovered:
D:1:      sevenhm_arrival_forest_fort_small_3, layout_basic
D:2:      minmay_inner_zag, layout_loops_ring, nrook_mini_vaults,
          nicolae_ru_great_annihilating_truth
D:3:      layout_basic, uniq_sigmund
D:4:      layout_cave_pods, grunt_temple_overflow_champion_of_chaos,
          portal_sewer_entry_d, gammafunk_ghost_smash, serial_shops, shop,
          kennysheep_mini_moat, small_statue_intersection, elyvilon_altar_3
D:5:      layout_loops_ring, marbit_many_paths, kennysheep_mini,
          minmay_temple_entry_fiery
D:6:      layout_basic, trog_ov_bears_minmay, serial_shops, shop,
          uniq_eustachio, uniq_menkaure
D:7:      layout_basic, nicolae_overflow_hidden_temple
D:8:      layout_basic, ebering_ghost_funeral_grove, uniq_pikel
D:10:     layout_loops_ring, serial_park_tiny_1, lightli_minifort, uniq_urug
Temple:   minmay_temple_curvy_branch

Skill      XL: |  1  2  3  4  5  6  7  8  9 10 |
---------------+-------------------------------+-----
Dodging        | 1 |  1.0
Armour         | 2 |  2.0
Unarmed Combat | 1 2 3 4 6 7 9 11 13 15 | 15.0
Shields        | 2 4 |  4.5
Fighting       | |  1.1
Stealth        | |  1.1
Evocations     | |  2.6

Action                   |  1- 3 |  4- 6 |  7- 9 | 10-12 || total
-------------------------+-------+-------+-------+-------++-------
Melee: Unarmed           |   174 |   137 |   508 |   100 ||   919
       Punch             |       |     7 |    14 |       ||    21
       Dagger            |       |       |       |    34 ||    34
Throw: Stone             |       |     5 |       |       ||     5
       Throwing net      |       |     2 |       |       ||     2
Evoke: Wand              |       |     5 |       |       ||     5
       Lightning rod     |       |       |       |     4 ||     4
  Use: Potion            |     1 |       |     1 |       ||     2
       Scroll            |       |    11 |     3 |     3 ||    17
 Stab: Sleeping          |     2 |     1 |       |       ||     3
       Paralysed         |       |     2 |       |       ||     2
       Held in net/web   |       |     1 |       |       ||     1
Armor: Leather armour    |    64 |     5 |       |       ||    69
       Scale mail        |       |     5 |       |       ||     5
       Ring mail         |       |    30 |   202 |    31 ||   263
       Crystal plate arm |       |       |       |     8 ||     8
Dodge: Dodged            |   136 |    53 |   249 |    41 ||   479
Block: Kite shield       |       |       |    33 |    56 ||    89

Table legend: (Time is in decaauts)
 A = Elapsed time spent in this place.
 B = Non-inter-level travel time spent in this place.
 C = Inter-level travel time spent in this place.
 D = Time resting spent in this place.
 E = Time spent auto-exploring this place.
 F = Levels seen in this place.
 G = Mean time per level.
                   A        B        C        D        E       F      G
               +--------+--------+--------+--------+--------+-----+--------+
         Total |   8932 |   8544 |    388 |    622 |   5850 |  11 |  812.0 |
       Dungeon |   8172 |   7788 |    384 |    622 |   5380 |   9 |  908.0 |
        Temple |    227 |    223 |      4 |      0 |    222 |   1 |  227.0 |
         Sewer |    532 |    532 |      0 |      0 |    248 |   1 |  532.0 |
               +--------+--------+--------+--------+--------+-----+--------+

Top non-repeatable levels by time:
     D:2: 1632 daAuts
     D:3: 1147 daAuts
     D:4: 1144 daAuts
     D:7: 902 daAuts
     D:1: 854 daAuts
     D:5: 794 daAuts
     D:6: 729 daAuts
   Sewer: 532 daAuts
     D:8: 503 daAuts
    D:10: 463 daAuts
  Temple: 227 daAuts
